 Dungeon Crawl Stone Soup version 0.17.0-28-g6e173f8 (webtiles) character file.

11 subsebi the Grave Robber (level 2, 0/19 HPs)
             Began as a Human Necromancer on Nov 26, 2015.
             Slain by a kobold (3 damage)
             ... on level 1 of the Dungeon.
             The game lasted 00:14:24 (665 turns).

subsebi the Grave Robber (Human Necromancer)         Turns: 665, Time: 00:14:24

Health: 0/19       AC: 11    Str:  8    XL:     2   Next: 35%
Magic:  5/5        EV:  0    Int: 15    God:
Gold:   14         SH:  0    Dex: 13    Spells: 2 memorised, 3 levels left

rFire  . . .     SeeInvis .     g - +0 club
rCold  . . .     Clarity  .     j - +0 plate armour
rNeg   . . .     SustAt   .     (no shield)
rPois  .         Gourm    .     (no helmet)
rElec  .         Spirit   .     (no cloak)
rCorr  .         Warding  .     e - +0 pair of gloves
rMut   .         Stasis   .     (no boots)
MR     .....                    (no amulet)
Stlth  ..........               (no ring)
                                (no ring)

@: flying, very slightly contaminated, not resistant to hostile enchantments,
extremely unstealthy
A: no striking features
a: no special abilities


You were on level 1 of the Dungeon.
You were full.

You visited 1 branch of the dungeon, and saw 1 of its levels.

You collected 14 gold pieces.

Inventory:

Hand Weapons
 d - a +0 whip
 g - a +0 club (weapon)
 k - a +0 spear
 l - a +0 dagger
Missiles
 f - 9 arrows
 m - 2 throwing nets (quivered)
Armour
 a - a +0 robe
 e - a +0 pair of gloves (worn)
 h - a +0 chain mail
 i - a +0 leather armour
 j - a +0 plate armour (worn)
Potions
 n - a potion of beneficial mutation {unknown}
 o - a potion of flight
Books
 b - a book of Necromancy

   Spells                             Type                      Level
   a - Pain                           Necromancy                   1
   b - Animate Skeleton               Necromancy                   1
   c - Vampiric Draining              Necromancy                   3
   d - Regeneration                   Charms/Necromancy            3
   e - Animate Dead                   Necromancy                   4
   f - Control Undead                 Necromancy                   4


   Skills:
 + Level 0.8 Armour
 + Level 2.0 Dodging
 + Level 2.0 Stealth
 + Level 2.1 Spellcasting
 + Level 4.2 Necromancy


You had 3 spell levels left.
You knew the following spells:

 Your Spells              Type           Power        Failure   Level  Hunger
a - Pain                  Necr           ##..         100%        1    #......
b - Animate Skeleton      Necr           N/A          100%        1    #......


Dungeon Overview and Level Annotations

Branches:
Dungeon (1/15)

Altars:


Message History

You hit the kobold but do no damage.
The kobold is severely wounded.
The kobold hits you but does no damage. The kobold completely misses you.
You hit the kobold but do no damage.
The kobold is severely wounded.
The kobold hits you but does no damage.
Drink which item? (? for menu, Esc to quit)
It was a potion of flight.
You feel very buoyant.
You fly up into the air.
The kobold hits you but does no damage.
You miss the kobold.
The kobold is severely wounded.
The kobold hits you but does no damage.
You closely miss the kobold.
The kobold is severely wounded.
The kobold hits you but does no damage.
You closely miss the kobold.
The kobold is severely wounded.
The kobold hits you but does no damage. The kobold hits you.
You die...

#.#,,,*,,,,**,,,,,,,,,,,.......##
..#,,.##...*#......,,,*..........
#.#,.......##.....,,,.#..........
,,.,.............,,,*............
*****#..........#***#............
* #..........#####............
****####........#................
*,,.................##..........
**,,...........K@.†..##.....###..
,,,,.....$..................###.(
,,,,...................>.......##
,,,,............#.............##.
,,,,............#.......#....####
,,**####........#########....#.##
,,* ########## #...#.⌠.# ***
#....#.#. ,,* #.....###


You could see a kobold.

Vanquished Creatures
  3 kobolds (D:1)
  2 ball pythons (D:1)
  3 bats (D:1)
  2 giant newts (D:1)
  A rat (D:1)
11 creatures vanquished.

Vanquished Creatures (collateral kills)
  A hobgoblin (D:1)
  A rat (D:1)
2 creatures vanquished.

Grand Total: 13 creatures vanquished

Notes
Turn   | Place    | Note
--------------------------------------------------------------
     0 | D:1      | subsebi the Human Necromancer began the quest for the Orb.
     0 | D:1      | Reached XP level 1. HP: 13/13 MP: 3/3
    30 | D:1      | Learned a level 1 spell: Animate Skeleton
   447 | D:1      | Reached XP level 2. HP: 19/19 MP: 5/5
   665 | D:1      | Slain by a kobold

Action                   || total
-------------------------++-------
Melee: Unarmed           ||    10
       Club              ||    71
 Cast: Animate Skeleton  ||     1
  Use: Scroll            ||     2
       Potion            ||     1
  Eat: Bread ration      ||     1
